 Dungeon Crawl Stone Soup version bcrawl-1.18.1 (webtiles) character file.

Game seed: 9915771137538039713

1227 JackS81 the Transmogrifier (level 8, -2/64 HPs)
             Began as a Naga Transmuter on Nov 5, 2019.
             Slain by an ogre
             ... wielding a +0 giant spiked club
              (21 damage)
             ... on level 6 of the Dungeon.
             The game lasted 00:27:27 (6909 turns).

JackS81 the Transmogrifier (Naga Transmuter)        Turns: 6909, Time: 00:27:28

Health: -2/64      AC:  2    Str: 12    XL:     8   Next: 48%
Magic:  11/11      EV: 19    Int: 14    God:
Gold:   240        SH:  0    Dex: 19    Spells: 5/11 levels left

rFire    . . .     SeeInvis +     - Unarmed
rCold    . . .     Gourm    .   (shield currently unavailable)
rNeg     . . .     Faith    .   (armour currently unavailable)
rPois    x         Spirit   .   (helmet currently unavailable)
rElec    .         Reflect  .   (cloak currently unavailable)
rCorr    .         Harm     .   (gloves currently unavailable)
MR       +....                  (no barding)
Stlth    ++........             q - amulet of magic regeneration
HPRegen  0.20/turn              (no ring)
MPRegen  0.37/turn              (no ring)

@: short of breath, spider-form
A: tiny, see invisible, slow metabolism 1, spit poison 1, AC +2
a: Spit Poison, End Transformation


You were on level 6 of the Dungeon.
You were not hungry.
You were a venomous arachnid creature.
You visited 1 branch of the dungeon, and saw 6 of its levels.

You collected 240 gold pieces.

Inventory:

Hand Weapons
 n - a +0 whip
Missiles
 c - 1030 stones
 o - 234 tomahawks (quivered)
 s - 500 bolts
 A - 515 sling bullets
Armour
 b - a +1 robe (melded)
 l - a +0 buckler
Jewellery
 q - an amulet of magic regeneration (around neck)
 v - an uncursed ring of flight
Wands
 p - a wand of polymorph (6)
 w - a wand of digging (5)
Scrolls
 e - 10 scrolls of identify
 i - 3 scrolls of amnesia
 j - 2 scrolls of fear
 k - 3 scrolls of teleportation
 t - a scroll of enchant weapon {unknown}
 u - a scroll of noise {unknown}
 y - a scroll of remove curse
 F - a scroll of blinking {unknown}
Potions
 d - a potion of lignification
 g - a potion of curing
 h - a potion of might {unknown}
 m - a potion of brilliance {unknown}
 r - a potion of flight
 x - a potion of heal wounds {unknown}
 z - a potion of ambrosia
 B - a potion of haste {unknown}
 C - a potion of invisibility {unknown}
 E - a potion of agility {unknown}
Comestibles
 f - 7 rations {!d}


   Skills:
 - Level 1.0 Fighting
 - Level 1.5 Dodging
 - Level 1.5 Stealth
 - Level 4.0 Unarmed Combat
 - Level 2.0 Spellcasting
 * Level 9.3 Transmutations
 - Level 3.1 Poison Magic


You had 5 spell levels left.
You knew the following spells:

 Your Spells              Type           Power        Failure   Level  Hunger
a - Beastly Appendage     Tmut           ####..       3%          1    ##.....
b - Spider Form           Tmut/Pois      ###          16%         3    ####...
c - Sticks to Snakes      Tmut           ####....     4%          2    ###....

Your spell library contained the following spells:

 Spells                   Type           Power        Failure   Level  Hunger
 Blade Hands              Tmut           ####......   32%         5    ######.
 Ice Form                 Ice/Tmut       ##......     56%         4    #####..


Dungeon Overview and Level Annotations

Branches:
Dungeon (6/12)
 Temple: D:4-7

Altars:
Fedhas
Kikubaaqudgha
Qazlal

Shops:
D:6 [

Annotations:
D:6 Blork the orc


Innate Abilities, Weirdness & Mutations

You cannot wear boots.
((Your serpentine skin is tough. (AC +2)))
You have supernaturally acute eyesight. (SInv)
((Armour fits poorly on your strangely shaped body.))
((Your system is resistant to poisons. (rPois)))
((You cover ground very slowly.))
You have a slow metabolism.
You can spit poison.


Message History

You climb downwards.
Level annotation: Blork the orc The ogre completely misses you.
There is a stone staircase leading up here.
You bite the ogre!
The ogre is moderately wounded.
The ogre hits you with a +0 giant spiked club!!
You hit the ogre.
The ogre is heavily wounded.
The ogre hits you with a +0 giant spiked club!!
* * * LOW HITPOINT WARNING * * *
Press: ? - help, Shift-Dir - straight line, f - ogre
Aim: an ogre, wielding a +0 giant spiked club (heavily wounded)
The splash of poison hits the ogre.
The ogre is poisoned.
The ogre is severely wounded.
You feel slightly more hungry.
You hit the ogre.
The ogre looks even sicker.
The ogre is almost dead.
The ogre hits you with a +0 giant spiked club!!
You die...

......# ###.#.#o#
... ........# #.#
###.#>### #.#
#.#.#########.##
#.#.#..........#
#.#......## #..#
##.........###..#
............<..Os#
#####.......####.#
##....>## #.#
##...## #.# #####
#.# #.# #.# #.#


You could see an ogre.

Vanquished Creatures
  2 ogres (D:5)
  3 bullfrogs
  A scorpion (D:4)
  3 hounds (D:5)
  A jelly (D:5)
  A bullfrog skeleton (D:5)
  2 orc wizards
  Terence (D:3)
  2 iguanas
  3 worker ants
  A hound zombie (D:6)
  2 hound skeletons (D:5)
  Robin (D:3)
  3 gnolls (D:5)
  6 adders
  2 shadow imps (D:5)
  An ooze (D:5)
  An adder skeleton (D:5)
  An adder zombie (D:5)
  2 worms
  6 dart slugs
  5 leopard geckos
  10 orcs
  3 ball pythons (D:1)
  12 bats
  3 giant cockroaches
  13 goblins
  7 hobgoblins
  9 jackals
  2 quokkas
  3 frilled lizards
  6 kobolds
  A quokka skeleton (D:4)
  6 rats
125 creatures vanquished.

Vanquished Creatures (collateral kills)
  A hungry ghost (D:5)
  An ogre (D:5)
  A worker ant zombie (D:5)
3 creatures vanquished.

Grand Total: 128 creatures vanquished

Notes
Turn   | Place    | Note
-------+----------+-------------------------------------------
     0 | D:1      | JackS81 the Naga Transmuter began the quest for the Orb.
     0 | D:1      | Reached XP level 1. HP: 18/18 MP: 3/3
   338 | D:1      | Reached XP level 2. HP: 25/25 MP: 5/5
   396 | D:1      | Reached skill level 1 in Stealth
   898 | D:1      | Reached XP level 3. HP: 28/31 MP: 4/6
  1204 | D:1      | Learned a level 3 spell: Spider Form
  1572 | D:2      | Found a blossoming altar of Fedhas.
  1639 | D:2      | Reached skill level 1 in Poison Magic
  1652 | D:2      | Reached XP level 4. HP: 37/38 MP: 5/7
  2140 | D:2      | Reached skill level 3 in Transmutations
  2488 | D:3      | Noticed Terence
  2497 | D:3      | Killed Terence
  2953 | D:3      | Reached XP level 5. HP: 42/44 MP: 8/8
  2981 | D:3      | Found an ancient bone altar of Kikubaaqudgha.
  3304 | D:3      | Noticed Robin
  3348 | D:3      | Killed Robin
  3348 | D:3      | Reached skill level 4 in Transmutations
  4111 | D:4      | Reached skill level 5 in Transmutations
  4111 | D:4      | Reached XP level 6. HP: 51/51 MP: 9/9
  4336 | D:4      | Found a stormy altar of Qazlal.
  4399 | D:4      | Noticed a fire elemental
  4400 | D:4      | Noticed an air elemental
  4400 | D:4      | Noticed a water elemental
  4541 | D:5      | Entered Level 5 of the Dungeon
  4710 | D:5      | Learned a level 2 spell: Sticks to Snakes
  4786 | D:5      | Reached skill level 6 in Transmutations
  4786 | D:5      | Reached XP level 7. HP: 57/57 MP: 5/10
  5018 | D:5      | Reached skill level 7 in Transmutations
  5396 | D:5      | Noticed a hungry ghost
  5612 | D:5      | Killed a hungry ghost
  5612 | D:5      | Reached skill level 8 in Transmutations
  5612 | D:5      | Reached XP level 8. HP: 60/64 MP: 8/11
  5988 | D:6      | Noticed Blork the orc
  5988 | D:6      | Noticed a yak
  5988 | D:6      | Noticed a yak
  5988 | D:6      | Noticed a yak
  5988 | D:6      | Noticed a yak
  5988 | D:6      | Noticed a yak
  6147 | D:6      | Found Sipniosi's Armour Shoppe.
  6405 | D:5      | Reached skill level 9 in Transmutations
  6909 | D:6      | Slain by an ogre

Skill      XL: |  1  2  3  4  5  6  7  8 |
---------------+-------------------------+-----
Stealth        | 1 |  1.5
Unarmed Combat | 4 |  4.0
Poison Magic   | 1 2 3 |  3.1
Transmutations | 3 5 6 8 9 |  9.3
Fighting       | |  1.0
Dodging        | |  1.5
Spellcasting   | |  2.0

Action                   |  1- 3 |  4- 6 |  7- 9 || total
-------------------------+-------+-------+-------++-------
Melee: Unarmed           |   154 |   211 |   135 ||   500
       Headbutt          |    13 |    17 |       ||    30
       Punch             |     4 |     3 |       ||     7
Throw: Tomahawk          |       |     7 |       ||     7
 Cast: Beastly Appendage |    19 |    30 |       ||    49
       Spider Form       |       |     7 |     2 ||     9
       Sticks to Snakes  |       |     1 |     8 ||     9
 Abil: Spit Poison       |     4 |       |     1 ||     5
  Use: Potion            |     1 |     1 |     2 ||     4
       Scroll            |       |     8 |     1 ||     9
 Stab: Sleeping          |     1 |     4 |     2 ||     7
       Distracted        |       |       |     1 ||     1
  Eat: Chunk             |     2 |    10 |     7 ||    19
Armor: Robe              |    58 |    45 |       ||   103
       Skin              |       |    13 |    10 ||    23
Dodge: Dodged            |   135 |   122 |   125 ||   382
